 Dungeon Crawl Stone Soup version 0.31-a0-977-gc230f8ef24 (webtiles) character file.

Game seed: 4306296576219442624

117 tsujin the Ruffian (level 5, -3/40 HPs)
             Began as a Gnoll Shapeshifter on Oct 30, 2023.
             Slain by an ogre
             ... wielding a +0 giant spiked club
              (25 damage)
             ... on level 3 of the Dungeon.
             The game lasted 00:04:15 (1950 turns).

tsujin the Ruffian (Gnoll Shapeshifter)             Turns: 1950, Time: 00:04:15

Health: -3/40      AC:  7    Str: 15    XL:     5   Next: 1%
Magic:  7/7        EV:  0    Int:  9    God:
Gold:   210        SH:  0    Dex: 18    Spells: 6/6 levels left

rFire   . .          .
                       - Unarmed
rCold   . . .        (no shield)
rNeg    . . .        g - +0 crystal plate armour
rPois   .            (helmet currently unavailable)
rElec   .            (cloak currently unavailable)
rCorr   .            (gloves currently unavailable)
SInv    .            (boots currently unavailable)
Will    +....        (no amulet) Stlth
                     h - ring of willpower
HPRegen 0.26/turn    k - +6 ring of dexterity
MPRegen 0.10/turn

%: clarity
@: beast-form
A: beast (slay +3), fangs 1, strong nose, distributed training, clarity,
deformed body
a: Begin Untransformation


You were on level 3 of the Dungeon.
You were a hulking beast.
You visited 1 branch of the dungeon, and saw 3 of its levels.

You collected 210 gold pieces.

Inventory:

Armour
 a - a +0 animal skin
 g - a +0 crystal plate armour (worn)
Magical Staves
 j - a staff of poison
Jewellery
 h - a ring of willpower (left hand)
 i - a ring of magical power
 k - a +6 ring of dexterity (right hand)
Talismans
 c - a beast talisman
 d - a flux talisman
Wands
 e - a wand of digging (1)
Potions
 b - a potion of lignification
 l - 2 potions of brilliance
 m - a potion of curing
 o - a potion of mutation


   Skills:
 + Level 2.9 Fighting
 + Level 1.3 Short Blades
 + Level 1.3 Long Blades
 + Level 1.3 Axes
 + Level 1.3 Maces & Flails
 + Level 1.3 Polearms
 + Level 1.3 Staves
 + Level 1.3 Ranged Weapons
 + Level 1.3 Throwing
 + Level 1.3 Armour
 + Level 4.7 Dodging
 + Level 1.3 Stealth
 + Level 1.3 Shields
 + Level 6.6 Unarmed Combat
 + Level 1.3 Spellcasting
 + Level 1.1 Conjurations
 + Level 1.1 Hexes
 + Level 1.1 Summonings
 + Level 1.1 Necromancy
 + Level 1.1 Translocations
 + Level 1.1 Transmutations
 + Level 1.1 Fire Magic
 + Level 1.1 Ice Magic
 + Level 1.1 Air Magic
 + Level 1.1 Earth Magic
 + Level 1.1 Poison Magic
 + Level 1.5 Invocations
 + Level 1.3 Evocations
 + Level 6.6 Shapeshifting


You had 6 spell levels left.
You didn't know any spells.
Your spell library contained the following spells:

 Spells                   Type           Power      Damage    Failure   Level
 Inner Flame              Hex/Fire       2%         N/A       100%        3
 Yara's Violent Unravell  Hex/Tmut       1%         3d3       100%        5
 Enfeeble                 Hex            1%         N/A       100%        7


Dungeon Overview and Level Annotations

Branches:
Dungeon (3/15)

Altars:

Shops:
D:1 =?[


Innate Abilities, Weirdness & Mutations

You are a hulking beast.
Your limbs bulge with bestial killing power. (Slay +3)
You have very sharp teeth.
Your uncanny sense of smell can sniff out nearby items.
Your experience applies equally to all skills.
You possess an exceptional clarity of mind.
Armour fits poorly on your strangely shaped body.


Message History

MP restored: 7 You open the huge gate.
There is a huge open gate here.
You open the door.
There is an open door here.
You open the door.
There is an open door here.
The ogre shouts!
An ogre opens the door.
There is an open door here.
You aren't carrying any scrolls.
Okay, then.
Nothing quivered!
There is an open door here.
Attack: -) Nothing wielded
Press: ? - help, Dir - move target, f - you
Okay, then.
There is a huge open gate here.
It was a potion of mutation.
You feel extremely strange.
Your body twists and deforms.
Your thoughts seem clearer.
Okay, then.
It was a potion of curing.
You feel better.
It was a potion of magic.
Magic courses through your body.
The ogre hits you with a +0 giant spiked club!!
Ouch! That really hurt!
You take 27 damage, and have 13/40 hp.
MASSIVE DAMAGE!!
Attack: -) Nothing wielded
Press: ? - help, Dir - move target, f - you
Okay, then.
The ogre attacks as it pursues you!
The ogre hits you with a +0 giant spiked club!
* * * LOW HITPOINT WARNING * * *
You take 13 damage, and have 2/40 hp.
MASSIVE DAMAGE!!
You feel much better.
You regained 20 hp, and now have 22/40 hp.
You punch the ogre!
The ogre is moderately wounded.
The ogre hits you with a +0 giant spiked club!!
Ouch! That really hurt!
You die...

#..#..#######....#
#..'..'...O.'....+
...P~≈###+#..#..#######....#
....~≈#...#############''''######
....~≈#goo#......................
....~≈#####~~~~~≈~≈~~~~....~~~~~~
....~≈≈≈≈≈≈≈≈≈≈≈≈≈≈≈≈≈≈....≈~≈~≈≈
....~~≈~~≈~~≈≈~~~~~~~~~....~~~≈~~
.....P..........hO......†........
............................>####
######....################.#.#...
##...# #...#.#. .# #...#####
###)#.#. .# #...#...# #†#.#. .#
#...#.<.# #.#.#. # # #...#...#
#.#<#.
#...#...#...######.......#.####


You could see an ogre.

Vanquished Creatures
  2 orc wizards (D:3)
  A gnoll (D:1)
  An adder (D:2)
  2 dart slugs
  2 orcs (D:3)
  2 ball pythons
  An endoplasm (D:1)
  2 giant cockroaches (D:1)
  2 goblins
  3 hobgoblins (D:1)
  9 jackals
  A quokka (D:1)
  5 bats
  2 frilled lizards (D:1)
  2 kobolds
  3 rats
40 creatures vanquished.

Notes
Turn   | Place    | Note
-------+----------+-------------------------------------------
     0 | D:1      | tsujin the Gnoll Shapeshifter began the quest for the Orb.
     0 | D:1      | Reached XP level 1. HP: 17/17 MP: 1/1
    31 | D:1      | Found Iraett's Armour Boutique.
   140 | D:1      | Reached XP level 2. HP: 23/23 MP: 2/2
   357 | D:1      | Found Egrah's Magic Scroll Emporium.
   370 | D:1      | Reached XP level 3. HP: 18/28 MP: 3/3
   454 | D:1      | Found Sibeto's Jewellery Shop.
   910 | D:2      | Reached skill level 1 in Invocations
  1578 | D:3      | Reached skill level 1 in Short Blades
  1578 | D:3      | Reached skill level 1 in Long Blades
  1578 | D:3      | Reached skill level 1 in Axes
  1578 | D:3      | Reached skill level 1 in Maces & Flails
  1578 | D:3      | Reached skill level 1 in Polearms
  1578 | D:3      | Reached skill level 1 in Staves
  1578 | D:3      | Reached skill level 1 in Ranged Weapons
  1578 | D:3      | Reached skill level 1 in Throwing
  1578 | D:3      | Reached skill level 1 in Armour
  1578 | D:3      | Reached skill level 1 in Stealth
  1578 | D:3      | Reached skill level 1 in Shields
  1578 | D:3      | Reached skill level 1 in Spellcasting
  1578 | D:3      | Reached skill level 1 in Evocations
  1587 | D:3      | Reached XP level 4. HP: 33/34 MP: 5/5
  1598 | D:3      | Reached skill level 1 in Conjurations
  1598 | D:3      | Reached skill level 1 in Hexes
  1598 | D:3      | Reached skill level 1 in Summonings
  1598 | D:3      | Reached skill level 1 in Necromancy
  1598 | D:3      | Reached skill level 1 in Translocations
  1598 | D:3      | Reached skill level 1 in Transmutations
  1598 | D:3      | Reached skill level 1 in Fire Magic
  1598 | D:3      | Reached skill level 1 in Ice Magic
  1598 | D:3      | Reached skill level 1 in Air Magic
  1598 | D:3      | Reached skill level 1 in Earth Magic
  1598 | D:3      | Reached skill level 1 in Poison Magic
  1885 | D:3      | Reached XP level 5. HP: 40/40 MP: 5/7
  1924 | D:3      | Noticed an ogre
  1937 | D:3      | Gained mutation: Armour fits poorly on your strangely
                  | shaped body. [potion of mutation]
  1937 | D:3      | Gained mutation: You possess an exceptional clarity of
                  | mind. [potion of mutation]
  1948 | D:3      | HP: 2/40 [ogre/+0 giant spiked club (13)]
  1950 | D:3      | Slain by an ogre

Illustrated notes

Levels and vault maps discovered:
D:1:      tarquinn_simple_flora_water_e, layout_basic, serial_shops,
          nicolae_shop_gaudy_bauble, nicolae_shop_waterfront,
          nicolae_shop_behind_doors, grunt_decor_fettered,
          minmay_misc_feat_four_crosses, minmay_misc_feat_room
D:2:      layout_loops_cross
D:3:      lemuel_castle_with_subvaults [lemuel_castle_interior_original],
          layout_basic, hangedman_abyss_or_decor_lesser_grid,
          minmay_gold_behind_fungi, nicolae_elevator_lobby_plus

Skill      XL: |  1  2  3  4 |
---------------+-------------+-----
Invocations    | 1 |  1.5
Short Blades   | 1 |  1.3
Long Blades    | 1 |  1.3
Axes           | 1 |  1.3
Maces & Flails | 1 |  1.3
Polearms       | 1 |  1.3
Staves         | 1 |  1.3
Ranged Weapons | 1 |  1.3
Throwing       | 1 |  1.3
Armour         | 1 |  1.3
Stealth        | 1 |  1.3
Shields        | 1 |  1.3
Spellcasting   | 1 |  1.3
Evocations     | 1 |  1.3
Conjurations   | 1 |  1.1
Hexes          | 1 |  1.1
Summonings     | 1 |  1.1
Necromancy     | 1 |  1.1
Translocations | 1 |  1.1
Transmutations | 1 |  1.1
Fire Magic     | 1 |  1.1
Ice Magic      | 1 |  1.1
Air Magic      | 1 |  1.1
Earth Magic    | 1 |  1.1
Poison Magic   | 1 |  1.1
Fighting       | |  2.9
Dodging        | |  4.7
Unarmed Combat | |  6.6
Shapeshifting  | |  6.6

Action                     |  1- 3 |  4- 6 || total
---------------------------+-------+-------++-------
  Melee: Unarmed           |    58 |    36 ||    94
         Bite              |     5 |     5 ||    10
         Punch             |     3 |     1 ||     4
    Use: Scroll            |     4 |       ||     4
         Potion            |       |     4 ||     4
 Armour: Crystal plate arm |    52 |    34 ||    86
         Animal skin       |     2 |       ||     2
  Dodge: Dodged            |     8 |     2 ||    10

Table legend: (Time is in decaauts)
 A = Elapsed time spent in this place.
 B = Non-inter-level travel time spent in this place.
 C = Inter-level travel time spent in this place.
 D = Time resting spent in this place.
 E = Time spent auto-exploring this place.
 F = Levels seen in this place.
 G = Mean time per level.
                   A        B        C        D        E       F      G
               +--------+--------+--------+--------+--------+-----+--------+
         Total |   1937 |   1884 |     53 |      0 |   1520 |   3 |  645.7 |
       Dungeon |   1937 |   1884 |     53 |      0 |   1520 |   3 |  645.7 |
               +--------+--------+--------+--------+--------+-----+--------+

Top non-repeatable levels by time:
     D:1: 843 daAuts
     D:2: 644 daAuts
     D:3: 449 daAuts
